Map: Heavy Artillery LE

Players

adepT - Winner!

  • Race: Terran Terran
  • League: Diamond
  • Spawn Location: 7:00

Tricks - Winner!

  • Race: Terran Terran
  • Spawn Location: 7:00

Massa

  • Race: Terran Terran
  • League: Platinum
  • Spawn Location: 3:00

qqq

  • Race: Zerg Zerg
  • League: Platinum
  • Spawn Location: 1:00

VOD

Have the link to the VOD?

Description

Time

  • Played on: Nov. 21, 2020, 8:33 a.m.
  • Length: 12:12
Show
View Real Time Build Order
Export as new Build Order

adepT Terran - Winner!

Build Orders: Reaper Expand, Mech 

Get SALT Encoding   

  12  0:00  SCV  
  13  0:12  SCV  
  14  0:17  Supply Depot  
  14  0:24  SCV  
  15  0:39  SCV  
  15  0:41  Barracks  
  16  0:46  Refinery  
  16  0:52  SCV  
  17  1:09  SCV  
  18  1:21  SCV  
  19  1:33  Reaper  
  19  1:36  Orbital Command  
  20  1:48  Command Center  
  20  2:02  SCV  
  20  2:05  Supply Depot  
  20  2:06  Marine  
  22  2:13  Factory  
  22  2:16  SCV  
  23  2:37  SCV  
  23  2:44  Barracks Reactor  
  23  2:54  SCV  
  23  2:55  Refinery  
  24  3:03  Starport  
  24  3:06  Orbital Command  
  24  3:08  SCV  
  25  3:26  SCV  
  26  3:33  SCV  
  27  3:38  SCV, Supply Depot  
  27  3:39  Hellion x2  
  32  3:41  Barracks Tech Lab, Starport Tech Lab  
  32  3:43  Viking  
  32  3:45  SCV  
  35  3:50  SCV  
  36  3:57  SCV  
  36  4:02  SCV  
  38  4:06  Fusion Core  
  38  4:07  Hellion  
  38  4:08  Hellion  
  38  4:09  SCV  
  43  4:11  Bunker  
  43  4:28  SCV  
  43  4:29  SCV, Hellion x2  
  49  4:36  Refinery  
  49  4:38  Refinery  
  49  4:41  SCV x2  
  49  4:42  Supply Depot  
  51  4:51  Hellion  
  53  4:53  SCV  
  54  5:03  Battlecruiser  
  54  5:04  Hellion  
  54  5:05  Supply Depot  
  62  5:19  Command Center  
  62  5:23  SCV x2  
  62  5:35  Engineering Bay  
  62  5:36  SCV x2  
  62  5:38  Armory  
  62  5:40  Hellion x2  
  68  5:45  Factory  
  68  5:46  Factory  
  68  5:48  SCV x2  
  70  5:55  Supply Depot  
  70  6:03  Barracks Tech Lab  
  70  6:07  Supply Depot  
  70  6:16  SCV x2, Hellion x2  
  76  6:28  SCV x2  
  76  6:31  Orbital Command  
  78  6:42  Factory Tech Lab  
  78  6:46  SCV x2  
  74  6:50  Starport Reactor  
  74  6:51  Hellion x2  
  74  6:52  Siege Tank  
  74  6:53  Siege Tank  
  84  6:58  SCV x2  
  84  7:01  SCV, Supply Depot  
  87  7:03  Refinery  
  87  7:07  Terran Vehicle Weapons Level 1  
  87  7:08  Supply Depot  
  87  7:10  SCV x2, Armory  
  87  7:13  SCV  
  87  7:14  Hellion  
  87  7:15  Hellion  
  94  7:24  Factory  
  94  7:28  Barracks Tech Lab  
  94  7:29  Siege Tank x2  
  100  7:30  Factory  
  100  7:33  Medivac x2  
  100  7:34  SCV x2  
  100  7:36  Hellion x2  
  110  7:40  SCV  
  111  7:46  SCV  
  112  7:59  Hellion x2  
  112  8:01  Siege Tank  
  112  8:03  Siege Tank  
  114  8:06  Terran Vehicle And Ship Armor Level 1  
  114  8:08  Supply Depot x2  
  112  8:27  Factory Tech Lab x2  
  112  8:28  Hellion x2  
  112  8:30  Factory Reactor  
  112  8:33  Siege Tank  
  119  8:35  Siege Tank  
  119  8:36  SCV x2  
  119  8:38  Refinery  
  120  8:54  Hellion x2  
  120  8:55  Siege Tank  
  127  8:57  Medivac  
  127  9:05  Siege Tank  
  127  9:09  Hellion x3  
  126  9:13  Command Center  
  126  9:15  Command Center  
  126  9:16  Hellion  
  124  9:42  Hellion x5, Siege Tank x2  
  124  9:44  Liberator x2  
  130  10:04  Siege Tank  
  130  10:05  Hellion  
  130  10:06  Hellion x3  
  141  10:15  Hellion x2  
  145  10:31  Orbital Command  
  145  10:32  Orbital Command  
  145  10:34  SCV x3  
  145  10:36  Siege Tank x3  
  141  11:08  Siege Tank x3  
  147  11:23  Hellion  
  147  11:24  Hellion x3  
  153  11:40  Hellion, Siege Tank x2  
Show
View Real Time Build Order
Export as new Build Order

Tricks Terran - Winner!

Build Orders: 1/1/1 

Get SALT Encoding   

  12  0:00  SCV  
  13  0:12  SCV  
  14  0:17  Supply Depot  
  14  0:26  Refinery  
  14  0:27  SCV  
  15  0:39  SCV  
  16  0:44  Barracks  
  16  0:51  SCV  
  17  1:03  SCV  
  18  1:11  Refinery  
  18  1:15  SCV  
  19  1:24  Supply Depot  
  19  1:27  SCV  
  20  1:32  Factory  
  20  1:41  Orbital Command  
  20  1:46  Barracks Reactor  
  20  2:07  SCV  
  21  2:17  Starport  
  21  2:18  Widow Mine  
  21  2:19  SCV  
  24  2:29  Marine x2  
  26  2:31  SCV  
  27  2:40  Widow Mine  
  27  2:43  SCV  
  30  2:55  SCV  
  31  3:04  Supply Depot  
  31  3:21  Command Center  
  31  3:25  SCV, Marine x2, Medivac  
  31  3:26  Widow Mine, Supply Depot  
  38  3:37  SCV  
  39  3:47  Marine x2  
  41  3:49  SCV  
  42  3:59  Starport Tech Lab  
  42  4:02  SCV  
  43  4:05  Marine x2  
  43  4:07  Supply Depot  
  43  4:08  Factory Tech Lab  
  45  4:14  SCV  
  46  4:23  Starport Reactor  
  46  4:24  Barracks  
  46  4:25  Barracks  
  46  4:26  SCV  
  46  4:30  Supply Depot  
  47  4:51  Orbital Command  
  47  4:52  SCV  
  48  4:55  Marine x2  
  50  5:04  SCV  
  51  5:08  Engineering Bay  
  51  5:13  Marine x2  
  53  5:14  Engineering Bay  
  53  5:16  Barracks Tech Lab, SCV  
  53  5:19  SCV  
  55  5:25  Siege Tank  
  58  5:28  SCV  
  58  5:29  Stimpack  
  58  5:32  SCV  
  60  5:40  SCV, Missile Turret  
  61  5:44  SCV, Missile Turret  
  61  5:45  Terran Infantry Armor Level 1, Terran Infantry Weapons Level 1  
  61  5:47  Marine x4  
  66  5:52  SCV  
  66  5:54  Liberator  
  66  5:56  SCV  
  71  6:00  Supply Depot  
  71  6:02  Liberator  
  74  6:05  SCV, Marine  
  74  6:08  SCV  
  77  6:17  SCV, Supply Depot  
  77  6:18  Supply Depot  
  78  6:22  SCV, Siege Tank  
  82  6:29  SCV  
  82  6:31  Armory  
  83  6:34  SCV  
  83  6:39  Sensor Tower  
  84  6:41  SCV  
  84  6:46  SCV  
  86  6:48  Marine x3  
  86  6:49  Marine  
  86  6:51  Combat Shield  
  90  6:59  SCV x2  
  92  7:02  Refinery  
  92  7:04  Refinery  
  92  7:06  Marine x4  
  96  7:11  SCV x2  
  98  7:23  SCV x2  
  98  7:25  Command Center  
  98  7:27  Command Center  
  100  7:32  Supply Depot  
  100  7:34  Supply Depot  
  100  7:36  Siege Tank  
  103  7:38  Medivac x2  
  107  7:55  Marine x2  
  107  7:56  Marine x2  
  111  8:05  SCV x2  
  110  8:08  Siege Tank  
  110  8:09  Concussive Shells  
  110  8:10  Terran Infantry Weapons Level 2  
  110  8:13  Marine x3  
  110  8:14  Marine  
  110  8:16  Terran Infantry Armor Level 2  
  110  8:17  SCV x2  
  116  8:28  Supply Depot  
  116  8:30  Terran Vehicle Weapons Level 1  
  116  8:31  Marine x4  
  120  8:34  Supply Depot  
  120  8:40  Siege Tank  
  123  8:49  Orbital Command x2, Marine x4  
  127  9:07  Marauder, Marine x2  
  127  9:08  Marauder  
  133  9:14  Siege Tank  
  134  9:24  Marine x2  
  134  9:29  Marauder x2  
  124  9:45  Marine  
  124  9:46  Marine  
  124  9:47  Siege Tank  
  124  9:48  Medivac x2  
  124  9:50  Marauder x2  
  137  9:58  Barracks  
  137  9:59  Barracks  
  137  10:02  Factory  
  137  10:03  Marine x2  
  139  10:07  Orbital Command  
  139  10:12  Command Center  
  139  10:19  Siege Tank  
  142  10:32  Marauder x2, Marine  
  142  10:33  Marine  
  148  10:45  Missile Turret  
  148  10:46  Missile Turret  
  148  10:53  Marauder x2  
  152  11:00  Barracks Reactor, Barracks Tech Lab  
  152  11:01  Factory Tech Lab  
  152  11:15  Marauder x2, Marine x2  
  158  11:24  Planetary Fortress  
  158  11:33  Marine x2  
  158  11:35  Refinery  
  158  11:36  Refinery, Marauder x2  
  164  11:43  Marauder  
  164  11:44  Marine x2  
  168  11:51  Marine x2  
Show
View Real Time Build Order
Export as new Build Order

Massa Terran 

Build Orders: Gas First Reaper Expand 

Get SALT Encoding   

  12  0:00  SCV  
  13  0:12  SCV  
  14  0:24  SCV  
  14  0:25  Supply Depot  
  15  0:31  Refinery  
  15  0:47  SCV  
  15  0:48  Barracks  
  16  0:59  SCV  
  17  1:13  SCV  
  19  1:25  SCV  
  19  1:39  Reaper  
  20  1:43  Bunker  
  21  1:47  Orbital Command  
  20  1:59  Command Center  
  20  2:11  Marine  
  21  2:22  Factory  
  21  2:26  Supply Depot  
  21  2:27  SCV  
  22  2:40  SCV  
  22  2:55  Barracks Tech Lab  
  22  3:01  Command Center  
  22  3:02  SCV  
  23  3:11  Engineering Bay  
  25  3:22  Marine  
  25  3:23  Stimpack  
  24  3:27  Orbital Command  
  24  3:38  Missile Turret  
  24  3:42  Missile Turret  
  24  3:44  Missile Turret  
  24  3:47  SCV  
  25  3:50  Marine  
  25  3:53  Factory Tech Lab  
  26  3:57  SCV  
  26  3:59  SCV  
  28  4:03  Missile Turret  
  28  4:08  Marine  
  29  4:11  SCV x2  
  29  4:13  Missile Turret  
  29  4:15  Orbital Command  
  31  4:21  Sensor Tower  
  31  4:28  Refinery, SCV  
  32  4:31  SCV  
  32  4:36  Refinery  
  33  4:40  Starport  
  33  4:42  Terran Infantry Weapons Level 1  
  33  4:49  SCV  
  33  4:50  Refinery, SCV x2  
  36  4:55  Marine  
  36  4:58  Widow Mine  
  39  5:01  SCV  
  39  5:03  SCV x2  
  42  5:13  SCV, Marine  
  44  5:16  SCV x2  
  45  5:25  SCV  
  45  5:27  Siege Tank  
  49  5:32  Medivac  
  49  5:35  SCV x2  
  53  5:38  SCV  
  53  5:40  Marauder  
  56  5:47  SCV, Barracks  
  58  5:50  Barracks  
  58  5:51  Barracks  
  57  6:02  Marauder, Combat Shield  
  59  6:12  Orbital Command, Supply Depot  
  59  6:16  SCV x2, Armory  
  61  6:33  SCV x2, Marauder, Cyclone  
  61  6:34  Mag-Field Accelerator  
  61  6:35  Supply Depot  
  61  6:36  Terran Infantry Armor Level 1  
  61  6:38  SCV  
  69  6:44  Missile Turret  
  69  6:51  Starport Reactor  
  69  6:53  Barracks Reactor, Barracks Tech Lab  
  69  6:55  Barracks Reactor  
  69  6:56  SCV x3  
  69  6:58  Supply Depot  
  72  7:02  Sensor Tower  
  72  7:21  Concussive Shells  
  72  7:36  Cyclone  
  72  7:38  Marauder x2, Marine  
  67  7:47  Marine x2  
  67  7:48  Marine  
  70  7:55  Medivac x2  
  70  7:56  Marine  
  75  7:58  SCV x3  
  75  7:59  Marauder x2  
  75  8:01  Refinery  
  75  8:04  Refinery  
  82  8:08  Siege Tank  
  85  8:22  Missile Turret  
  85  8:32  Supply Depot  
  85  8:35  Supply Depot  
  85  8:36  Supply Depot  
  85  8:42  Command Center  
  85  8:45  Command Center  
  85  8:49  Marine  
  85  8:54  SCV x2, Marauder, Marine x2, Viking  
  93  8:56  SCV, Marine  
  93  8:57  Marauder, Supply Depot  
  93  8:58  Supply Depot  
  94  9:07  Marine  
  93  9:12  SCV x3, Marine x2  
  93  9:14  Marine  
  93  9:16  Marauder  
  100  9:18  Marauder  
  100  9:24  SCV x2  
  103  9:25  SCV  
  105  9:36  SCV x2  
  77  9:45  Marauder  
  77  9:46  Marauder, Marine x4  
  77  9:48  Siege Tank  
  84  10:01  Medivac x2  
  84  10:03  Marine  
  84  10:04  Marine x3  
  94  10:07  Marauder x2  
  94  10:20  Siege Tank  
  97  10:28  Marauder x2  
  101  10:29  Marine x2  
  101  10:30  Marine x2  
  105  10:44  Barracks, Factory  
  105  10:47  Factory, Marine x2  
  105  10:49  Marauder  
  111  10:50  Marauder  
  111  10:52  Siege Tank  
  94  11:11  Marauder x2  
  77  11:31  Marine x4  
  85  11:32  Marauder  
  85  11:36  Viking x2  
  86  11:48  Marine  
  86  11:49  Marine x3  
  88  11:57  Factory Tech Lab  
  88  11:59  Factory Tech Lab  
  86  12:08  Factory Tech Lab  
Show
View Real Time Build Order
Export as new Build Order

qqq Zerg 

Build Orders: Hatch First, Lurkers 

Get SALT Encoding   

  12  0:00  Drone  
  13  0:15  Drone  
  14  0:22  Overlord  
  14  0:45  Hatchery  
  13  0:52  Drone  
  13  0:53  Drone  
  13  0:56  Drone  
  16  1:13  Drone  
  16  1:15  Extractor  
  16  1:20  Spawning Pool  
  16  1:23  Drone  
  16  1:28  Drone  
  17  1:35  Drone  
  18  1:47  Drone  
  19  2:00  Drone  
  20  2:06  Queen  
  20  2:07  Queen  
  24  2:08  Drone  
  24  2:10  Drone  
  26  2:19  Metabolic Boost  
  26  2:24  Overlord  
  26  2:29  Drone  
  27  2:30  Drone  
  28  2:46  Zergling x6  
  28  2:49  Drone  
  32  2:57  Lair  
  32  2:59  Zergling x2  
  32  3:01  Drone x2  
  35  3:08  Overlord  
  35  3:20  Spore Crawler  
  35  3:25  Spore Crawler x2  
  32  3:27  Drone x3  
  32  3:29  Spore Crawler  
  32  3:33  Drone x2  
  36  3:35  Drone  
  37  3:45  Drone x2  
  39  3:49  Extractor  
  39  3:54  Drone  
  39  3:58  Hydralisk Den  
  38  4:04  Overseer  
  38  4:05  Drone x2  
  38  4:06  Drone  
  38  4:08  Drone  
  42  4:14  Drone x2  
  42  4:15  Extractor x2, Drone  
  42  4:16  Overlord  
  43  4:33  Overlord x2  
  43  4:37  Drone  
  44  4:40  Lurker Den  
  43  4:52  Muscular Augments  
  42  4:55  Evolution Chamber  
  42  4:56  Hatchery  
  42  4:59  Drone  
  41  5:00  Drone, Evolution Chamber  
  41  5:04  Drone  
  42  5:08  Hydralisk  
  42  5:12  Drone  
  45  5:14  Drone  
  45  5:18  Drone  
  47  5:22  Hydralisk  
  49  5:30  Hydralisk  
  49  5:31  Hydralisk  
  53  5:37  Zerg Missile Weapons Level 1  
  53  5:41  Lurker  
  54  5:45  Drone x3  
  54  5:47  Drone  
  58  5:54  Lurker  
  58  5:56  Drone  
  60  5:57  Overlord  
  60  5:59  Overlord  
  60  6:07  Overlord  
  60  6:08  Overlord  
  60  6:10  Drone  
  61  6:19  Drone  
  62  6:27  Hydralisk x2  
  62  6:28  Hydralisk x2  
  64  6:37  Grooved Spines  
  59  6:47  Drone x4  
  58  6:52  Drone  
  58  6:53  Queen  
  64  6:59  Infestation Pit  
  63  7:01  Queen  
  63  7:02  Drone x3  
  63  7:05  Spore Crawler  
  63  7:08  Spore Crawler, Overlord  
  66  7:10  Drone  
  66  7:12  Drone  
  66  7:15  Drone  
  69  7:17  Drone  
  68  7:34  Drone  
  68  7:35  Drone  
  70  7:43  Hydralisk x4  
  70  7:44  Hydralisk x2  
  82  7:56  Drone  
  79  8:28  Hydralisk x6  
  79  8:30  Drone x3  
  79  8:33  Queen  
  96  8:40  Spore Crawler  
  95  8:44  Zerg Melee Weapons Level 1, Spore Crawler, Zerg Ground Armor Level 1  
  95  8:45  Hive  
  94  9:08  Drone x3  
  97  9:12  Overlord x3  
  97  9:13  Overlord x5  
  91  9:32  Hatchery  
  85  9:42  Lurker  
  85  9:43  Lurker x3  
  84  9:50  Spire  
  50  10:10  Hydralisk x5  
  50  10:11  Hydralisk x2  
  50  10:12  Drone  
  50  10:13  Drone x2  
  65  10:23  Hydralisk x2  
  65  10:25  Ultralisk Cavern  
  64  10:47  Lurker x6  
  64  10:49  Drone  
  71  10:50  Queen  
  73  10:59  Seismic Spines  
  73  11:03  Zergling x10  
  73  11:04  Zergling x8  
  78  11:05  Drone  
  63  11:50  Zergling x6  
  63  11:51  Zergling x8  
Tags
 
Add a new tag
Caveats
  • Supply blocks, unpowered buildings, or Contaminate may cause inaccurate times.
  • Supply counts are checked every 10 seconds.